 Dungeon Crawl Stone Soup version 0.27-a0-385-g3208abaabc (webtiles) character file.

Game seed: 11547206490818990932

702 wakim the Magician (level 7, -12/36 HPs)
             Began as a Deep Elf Conjurer on Feb 19, 2021.
             Was a Believer of Vehumet.
             Mangled by a mummy (16 damage)
             ... in an ossuary.
             The game lasted 00:14:06 (4403 turns).

wakim the Magician (Deep Elf Conjurer)              Turns: 4403, Time: 00:14:07

Health: -12/36     AC:  3    Str:  6    XL:     7   Next: 38%
Magic:  0/19       EV: 12    Int: 23    God:    Vehumet [**....]
Gold:   166        SH:  5    Dex: 13    Spells: 8/19 levels left

rFire    . . .     SeeInvis +   l - +0 spear
rCold    . . .     Faith    .   t - +0 buckler
rNeg     . . .     Spirit   .   a - +0 robe
rPois    +         Reflect  .   (no helmet)
rElec    .         Harm     .   (no cloak)
rCorr    .         Rampage  .   f - +0 pair of gloves
Will     .....                  (no boots)
Stlth    ++........             c - amulet of the acrobat
HPRegen  0.12/turn              w - ring of see invisible
MPRegen  0.16/turn              k - ring of poison resistance

@: no status effects
A: no striking features
a: Renounce Religion


You were in an ossuary.
You worshipped Vehumet.
Vehumet was pleased with you.
You visited 1 branch of the dungeon, and saw 5 of its levels.
You also visited: Ossuary.

You collected 166 gold pieces.

Inventory:

Hand Weapons
 l - a +0 spear (weapon)
Armour
 a - a +0 robe (worn)
 f - a +0 pair of gloves (worn)
 t - a +0 buckler (worn)
Jewellery
 c - an amulet of the acrobat (around neck)
 e - a ring of flight
 k - a ring of poison resistance (right hand)
 w - a ring of see invisible (left hand)
Scrolls
 m - 2 scrolls of identify
 n - 2 scrolls of immolation {unknown}
 p - 2 scrolls of teleportation
 q - a scroll of enchant armour {unknown}
 u - a scroll of fear
 v - a scroll of magic mapping {unknown}
Potions
 d - a potion of flight {unknown}
 h - a potion of ambrosia {unknown}
 j - a potion of lignification {unknown}
 o - 2 potions of might {unknown}
 r - a potion of magic {unknown}
 s - 4 potions of curing


   Skills:
 - Level 2.4 Dodging
 - Level 2.4 Stealth
 * Level 3.6 Shields
 + Level 6.8 Spellcasting
 + Level 6.7 Conjurations
 - Level 0.1 Hexes
 - Level 0.2 Translocations


You had 8 spell levels left.
You knew the following spells:

 Your Spells              Type           Power        Failure   Level
a - Magic Dart            Conj           100%         1%          1
b - Searing Ray           Conj           78%          1%          2
c - Fulminant Prism       Conj/Hex       11%          19%         4
d - Iskenderun's Mystic   Conj/Tloc      23%          19%         4

Your spell library contained the following spells:

 Spells                   Type           Power        Failure   Level
 Sandblast                Erth           14%          9%          1
 Dazzling Flash           Conj/Hex       46%          6%          3


Dungeon Overview and Level Annotations

Branches:
Dungeon (5/15)            Ossuary (1/1)
 Temple: D:4-7

Altars:
Ashenzari
Elyvilon
Hepliaklqana
Makhleb
Ru
Vehumet

Annotations:
D:2 Sigmund


Message History

You feel your power returning.
The searing ray misses the mummy.
You finish channeling your searing ray.
You hit the mummy.
The mummy is lightly damaged.
The mummy hits you.
You hit the mummy.
The mummy is moderately damaged.
The mummy closely misses you.
You hit the mummy.
The mummy is moderately damaged.
You hit the mummy but do no damage.
The mummy is moderately damaged.
The mummy misses you.
You hit the mummy.
The mummy is heavily damaged.
The mummy hits you!
Your shield prevents you from hitting the mummy.
The mummy is heavily damaged.
You block the mummy's attack.
You hit the mummy but do no damage.
The mummy is heavily damaged.
You hit the mummy.
The mummy is heavily damaged.
You block the mummy's attack.
You closely miss the mummy.
The mummy is heavily damaged.
You barely miss the mummy.
The mummy is heavily damaged.
The mummy hits you!
* * * LOW HITPOINT WARNING * * *
Casting: Searing Ray (safe; 1% risk of failure)
Confirm with . or Enter, or press ? or * to list all spells.
Aiming: Searing Ray (safe; 1% risk of failure)
Press: ? - help, Shift-Dir - straight line, f - mummy
Aim: a mummy (heavily damaged, 9% to evade)
The searing ray hits the mummy.
The mummy is severely damaged. (Press . to maintain the ray.)
The mummy hits you!
You die...

Z...MM.......
...........
........#
......#
#....# #....#
#....# #M...#
#@...# #....#
#....# #....#
#.∩∩.# ######


You could see a mummy.

Vanquished Creatures
  2 ogres (D:4)
  A scorpion (D:4)
  A hound (D:4)
  Jessica (D:2)
  2 orc wizards (D:4)
  4 worker ants (D:4)
  A hound skeleton (D:4)
  7 mummies (Ossuary)
  4 gnolls (D:4)
  3 adders
  A shadow imp (D:5)
  An ooze (D:1)
  An adder skeleton (D:5)
  3 worms
  2 dart slugs
  The ghost of Klosterheim the Sneak, a weakling FeDe of Makhleb (D:3)
  4 leopard geckos
  5 orcs
  6 bats
  9 giant cockroaches
  A gnoll zombie (Ossuary)
  6 goblins
  7 hobgoblins
  4 jackals (D:1)
  2 ball pythons
  8 frilled lizards
  3 hobgoblin zombies (Ossuary)
  4 kobolds
  3 kobold zombies (Ossuary)
  An orc zombie (Ossuary)
  3 rats
101 creatures vanquished.

Vanquished Creatures (others)
  3 fulminant prisms (Ossuary)
3 creatures vanquished.

Grand Total: 104 creatures vanquished

Notes
Turn   | Place    | Note
-------+----------+-------------------------------------------
     0 | D:1      | wakim the Deep Elf Conjurer began the quest for the Orb.
     0 | D:1      | Reached XP level 1. HP: 10/10 MP: 6/6
   117 | D:1      | Reached XP level 2. HP: 15/15 MP: 4/8
   468 | D:1      | Reached skill level 5 in Conjurations
   468 | D:1      | Reached XP level 3. HP: 19/19 MP: 4/10
   474 | D:1      | Learned a level 2 spell: Searing Ray
   947 | D:2      | Found a radiant altar of Vehumet.
   962 | D:2      | Became a worshipper of Vehumet
  1051 | D:2      | Noticed Jessica
  1055 | D:2      | Killed Jessica
  1108 | D:2      | Noticed Sigmund
  1144 | D:2      | Reached XP level 4. HP: 14/24 MP: 6/12
  1263 | D:2      | Learned a level 4 spell: Fulminant Prism
  1268 | D:2      | Learned a level 4 spell: Iskenderun's Mystic Blast
  1314 | D:2      | Found a burning altar of Makhleb.
  1350 | D:2      | Found a sacrificial altar of Ru.
  1353 | D:2      | Found a broken altar of Ashenzari.
  1566 | D:2      | Reached skill level 5 in Spellcasting
  1706 | D:2      | Found a hazy altar of Hepliaklqana.
  2293 | D:3      | Found a runed translucent door.
  2293 | D:3      | Noticed Klosterheim's ghost (weakling FeDe)
  3022 | D:3      | Killed Klosterheim's ghost
  3048 | D:4      | Reached * piety under Vehumet
  3048 | D:4      | Offered knowledge of Shock by Vehumet.
  3055 | D:4      | Reached XP level 5. HP: 28/28 MP: 6/14
  3081 | D:4      | Noticed an ogre
  3089 | D:4      | Killed an ogre
  3090 | D:4      | Reached skill level 1 in Shields
  3459 | D:4      | Reached XP level 6. HP: 32/32 MP: 10/16
  4058 | D:4      | Found a white marble altar of Elyvilon.
  4102 | D:4      | Reached XP level 7. HP: 36/36 MP: 11/18
  4261 | D:5      | Entered Level 5 of the Dungeon
  4291 | D:5      | Found a sand-covered staircase.
  4344 | Ossuary  | Entered an ossuary
  4364 | Ossuary  | Reached ** piety under Vehumet
  4364 | Ossuary  | Offered knowledge of Sandblast by Vehumet.
  4403 | Ossuary  | Mangled by a mummy

Illustrated notes

Levels and vault maps discovered:
D:1:      saegor_arrival_simple_a, layout_loops_ring
D:2:      layout_basic, fiery_altar_vehumet, nzn_hepliaklqana_mist_gate,
          grunt_temple_overflow_open, serial_park_tiny_pond, uniq_sigmund,
          uniq_jessica
D:3:      layout_basic, gammafunk_ghost_grave, minmay_statues_item
D:4:      layout_cave_pools, nicolae_overflow_crystal_walls
D:5:      layout_basic, pdpol_temple_overflow_zin_treasury_gozag_greed,
          minmay_temple_entry_nine_rooms, nicolae_ossuary_entry_ruins,
          uniq_edmund, uniq_menkaure, uniq_grinder
Ossuary:  ossuary_tomb_3

Skill      XL: |  1  2  3  4  5  6 |
---------------+-------------------+-----
Spellcasting   | 4 5 6 |  6.8
Conjurations   | 5 6 |  6.7
Shields        | 1 3 |  3.6
Dodging        | |  2.4
Stealth        | |  2.4
Hexes          | |  0.1
Translocations | |  0.2

Action                   |  1- 3 |  4- 6 |  7- 9 || total
-------------------------+-------+-------+-------++-------
Melee: Mace              |     1 |       |       ||     1
       Spear             |       |     2 |    10 ||    12
 Cast: Magic Dart        |    52 |    83 |    18 ||   153
       Searing Ray       |     1 |    20 |     5 ||    26
       Fulminant Prism   |       |       |     3 ||     3
  Use: Scroll            |       |       |     6 ||     6
Armor: Robe              |       |     3 |       ||     3
Dodge: Dodged            |     2 |    14 |     2 ||    18
Block: Buckler           |       |       |     2 ||     2

Table legend: (Time is in decaauts)
 A = Elapsed time spent in this place.
 B = Non-inter-level travel time spent in this place.
 C = Inter-level travel time spent in this place.
 D = Time resting spent in this place.
 E = Time spent auto-exploring this place.
 F = Levels seen in this place.
 G = Mean time per level.
                   A        B        C        D        E       F      G
               +--------+--------+--------+--------+--------+-----+--------+
         Total |   4402 |   4274 |    128 |   1126 |   2453 |   6 |  733.7 |
       Dungeon |   4342 |   4214 |    128 |   1124 |   2453 |   5 |  868.4 |
       Ossuary |     59 |     59 |      0 |      2 |      0 |   1 |   59.0 |
               +--------+--------+--------+--------+--------+-----+--------+

Top non-repeatable levels by time:
     D:3: 1123 daAuts
     D:2: 1114 daAuts
     D:4: 1107 daAuts
     D:1: 930 daAuts
     D:5: 66 daAuts
 Ossuary: 59 daAuts
